 Dungeon Crawl Stone Soup version 0.27.1-3-gb3d3a73c9e (webtiles) character file.

Game seed: 1768048083350876407

2962 Trumpetguy the Fighter (level 9, -3/82 HPs)
             Began as a Red Draconian Ice Elementalist on Oct 5, 2021.
             Was a Believer of Nemelex Xobeh.
             Slain by a shadow (22 damage)
             ... on level 9 of the Dungeon.
             The game lasted 01:29:00 (9428 turns).

Trumpetguy the Fighter (DrIE)                       Turns: 9428, Time: 01:29:01

Health: -3/82      AC:  9    Str: 13    XL:     9   Next: 52%
Magic:  16/16      EV: 16    Int: 19    God:    Nemelex Xobeh [**....]
Gold:   88         SH:  0    Dex: 11    Spells: 11/18 levels left

rFire    + + .     SeeInvis .   l - +2 dagger (holy)
rCold    x . .     Faith    +   (no shield)
rNeg     . . .     Spirit   .   (armour unavailable)
rPois    .         Reflect  .   (helmet restricted)
rElec    .         Harm     .   r - +0 cloak
rCorr    .         Rampage  .   o - +0 pair of gloves
Will     .....                  (no boots)
Stlth    +++.......             w - amulet of faith
HPRegen  0.23/turn              d - ring of fire
MPRegen  0.15/turn              z - +4 ring of evasion

@: no status effects
A: breathe fire, AC +7, unfitting armour, fire resistance 1, cold-blooded,
strong 1
a: Breathe Fire, Renounce Religion, Draw Escape, Draw Destruction, Draw
Summoning


You were on level 9 of the Dungeon.
You worshipped Nemelex Xobeh.
Nemelex Xobeh was pleased with you.
You visited 2 branches of the dungeon, and saw 10 of its levels.

You collected 375 gold pieces.
You spent 287 gold pieces at shops.

Inventory:

Hand Weapons
 h - a +0 whip of electrocution
 l - a +2 dagger of holy wrath (weapon)
 v - a +1 halberd of protection
Missiles
 B - 22 poisoned darts
Armour
 o - a +0 pair of gloves (worn)
 r - a +0 cloak (worn)
Jewellery
 d - a ring of fire (left hand)
 w - an amulet of faith (around neck)
 z - a +4 ring of evasion (right hand)
Wands
 j - a wand of polymorph (13)
 p - a wand of iceblast (9)
Scrolls
 a - 3 scrolls of teleportation
 b - a scroll of torment {unknown}
 e - 2 scrolls of silence {unknown}
 g - 2 scrolls of summoning {unknown}
 n - a scroll of acquirement {unknown}
 q - 2 scrolls of identify {unknown}
 s - a scroll of enchant armour {unknown}
 t - 2 scrolls of fear
 u - a scroll of magic mapping {unknown}
 x - 2 scrolls of blinking {unknown}
 y - a scroll of noise {unknown}
Potions
 c - a potion of lignification {unknown}
 f - 2 potions of haste {unknown}
 i - 3 potions of brilliance
 k - a potion of attraction {unknown}
 m - 2 potions of curing
 A - a potion of resistance {unknown}
 D - a potion of flight {unknown}


   Skills:
 + Level 8.8 Fighting
 - Level 0.2 Short Blades
 - Level 0.1 Maces & Flails
 - Level 1.7 Dodging
 * Level 7.5 Stealth
 - Level 5.0 Spellcasting
 - Level 4.7 Ice Magic
 - Level 3.8 Invocations


You had 11 spell levels left.
You knew the following spells:

 Your Spells              Type           Power      Damage    Failure   Level
a - Freeze                Ice            88%        1d10      1%          1
b - Frozen Ramparts       Ice            44%        1d6       5%          3
c - Ozocubu's Armour      Ice            22%        N/A       5%          3

Your spell library contained the following spells:

 Spells                   Type           Power      Damage    Failure   Level
 Animate Skeleton         Necr           8%         N/A       12%         1
 Apportation              Tloc           8%         N/A       12%         1
 Corona                   Hex            4%         N/A       12%         1
 Summon Small Mammal      Summ           16%        N/A       12%         1
 Static Discharge         Conj/Air       4%         N/A       19%         2
 Hailstorm                Conj/Ice       13%        3d5       43%         4
 Lightning Bolt           Conj/Air       2%         1d13      98%         5
 Maxwell's Capacitive Co  Air            2%         ∞         100%        8


Dungeon Overview and Level Annotations

Branches:
Dungeon (10/15)            Temple (1/1) D:5
   Lair: D:8-11         Orc: D:9-12

Altars:
Cheibriados
Dithmenos
Elyvilon
Fedhas
Hepliaklqana
Nemelex Xobeh
Ru
Sif Muna
Trog
Uskayaw
Vehumet
Xom
Yredelemnul
Zin
The Shining One

Shops:
D:1 !   D:5 *

Annotations:
D:10 Urug


Innate Abilities, Weirdness & Mutations

You can breathe blasts of fire.
Your fiery red scales are hard. (AC +7)
You cannot fit into any form of body armour.
Your flesh is heat resistant. (rF+)
You are cold-blooded and may be slowed by cold attacks.
Your muscles are strong. (Str +2)


Message History

You hit the shadow but do no damage.
The shadow is heavily damaged.
You hear a shout!
The shadow hits you!
You hit the shadow but do no damage.
The shadow is heavily damaged.
The shadow slips into darkness.
The shadow flickers and vanishes!
Deactivating autopickup; reactivate with Ctrl-A.
As you read the scroll of fear, it crumbles to dust.
You assume a fearsome visage.
The orc looks frightened!
The shadow strikes at you from the darkness!
Reactivating autopickup.
You hit the shadow.
The shadow convulses.
The shadow is severely damaged.
You have got your breath back.
The shadow hits you.
You hit the shadow.
The shadow convulses.
The shadow is severely damaged.
The shadow slips into darkness.
The shadow flickers and vanishes!
Deactivating autopickup; reactivate with Ctrl-A.
An orc comes into view. It is wielding a +0 trident.
You barely miss something.
The shadow strikes at you from the darkness!
* * * LOW HITPOINT WARNING * * *
Reactivating autopickup.
You feel better. The shadow misses you. The orc barely misses you.
An orc wizard comes into view. It is wielding a +0 dagger.
Items here: ( ) [ †.
The orc closely misses you. The shadow completely misses you.
The orc misses you.
An orc comes into view. It is wielding a +0 hand axe.
The shadow slips into darkness.
The shadow flickers and vanishes!
Deactivating autopickup; reactivate with Ctrl-A.
The shadow strikes at you from the darkness!
You die...
Your body disappears without a glow.

..........# .........#
.......... .........
......... ###.###
#........ #.....#
#........ #.....##
#@....... #.......
#........ #.......
###......####.......
#........#..........
#..o.....########'##
#######.................
o.... #.........#####W..
......#o........# #...
......#.........# #...


You could see 2 orcs.

Vanquished Creatures
  Prince Ribbit (D:6)
  A wyvern (D:9)
  2 water moccasins
  Purgy (D:3)
  3 ogres (D:4)
  3 centaurs
  3 scorpions
  A water moccasin skeleton (D:7)
  9 killer bees
  A bullfrog zombie (D:6)
  3 centaur zombies
  A bullfrog skeleton (D:6)
  4 hounds
  Ijyb (D:3)
  2 iguanas
  2 orc wizards
  Robin (D:3)
  4 gnolls (D:5)
  9 adders
  2 shadow imps (D:5)
  2 ufetubi
  2 dart slugs
  9 orcs
  9 endoplasms
  4 giant cockroaches
  13 hobgoblins
  6 jackals
  A quokka (D:4)
  7 ball pythons
  2 bats
  A frilled lizard (D:1)
  9 goblins
  6 kobolds
  5 rats
130 creatures vanquished.

Vanquished Creatures (others)
  48 plants
48 creatures vanquished.

Grand Total: 178 creatures vanquished

Notes
Turn   | Place    | Note
-------+----------+-------------------------------------------
     0 | D:1      | Trumpetguy the Draconian Ice Elementalist began the quest
                  | for the Orb.
     0 | D:1      | Reached XP level 1. HP: 14/14 MP: 3/3
   392 | D:1      | Reached XP level 2. HP: 22/22 MP: 0/5
   627 | D:1      | Reached skill level 1 in Fighting
   711 | D:1      | Found Wugg's Distillery.
  1391 | D:2      | Reached XP level 3. HP: 20/28 MP: 3/6
  1391 | D:2      | Gained mutation: Your muscles are strong. (Str +2) [potion
                  | of mutation]
  2347 | D:2      | Learned a level 3 spell: Frozen Ramparts
  2476 | D:3      | Noticed Robin
  2483 | D:3      | Killed Robin
  2484 | D:3      | Reached XP level 4. HP: 33/35 MP: 2/8
  3101 | D:3      | Noticed Purgy
  3134 | D:3      | Killed Purgy
  3135 | D:3      | Reached skill level 2 in Fighting
  3135 | D:3      | Reached skill level 5 in Ice Magic
  3135 | D:3      | Reached XP level 5. HP: 24/41 MP: 0/11
  3273 | D:3      | Found a sparkling altar of Nemelex Xobeh.
  3277 | D:3      | Became a worshipper of Nemelex Xobeh the Trickster
  3368 | D:3      | Noticed Ijyb
  3406 | D:3      | Killed Ijyb
  3780 | D:4      | Reached XP level 6. HP: 50/50 MP: 6/12
  3885 | D:4      | Reached skill level 5 in Spellcasting
  3889 | D:4      | Learned a level 3 spell: Ozocubu's Armour
  4291 | D:4      | Reached skill level 3 in Fighting
  4291 | D:4      | Your scales start taking on a fiery red colour.
  4291 | D:4      | Reached XP level 7. HP: 42/57 MP: 3/14
  4291 | D:4      | Gained mutation: Your flesh is heat resistant. (rF+) [Red
                  | Draconian growth]
  4657 | D:4      | Reached skill level 1 in Invocations
  4834 | D:5      | Entered Level 5 of the Dungeon
  4903 | D:5      | Found Kuqauh's General Store.
  4914 | D:5      | Reached skill level 4 in Fighting
  4941 | D:5      | Bought a +0 cloak for 63 gold pieces
  5015 | D:5      | Found a staircase to the Ecumenical Temple.
  5286 | D:5      | Reached * piety under Nemelex Xobeh
  5396 | D:5      | Found a shimmering blue altar of Sif Muna.
  5482 | D:5      | Received a gift from Nemelex Xobeh
  6167 | D:6      | Reached XP level 8. HP: 67/67 MP: 11/15
  6192 | D:6      | Found a shadowy altar of Dithmenos.
  6213 | D:6      | Reached skill level 5 in Fighting
  6350 | D:6      | Found a bloodstained altar of Trog.
  6530 | D:6      | Noticed Prince Ribbit
  6537 | D:6      | Killed Prince Ribbit
  6538 | D:6      | Reached skill level 6 in Fighting
  7066 | D:6      | Reached skill level 5 in Stealth
  7529 | Temple   | Entered the Ecumenical Temple
  7969 | D:1      | Bought a potion of curing for 42 gold pieces
  7969 | D:1      | Bought a potion of heal wounds for 70 gold pieces
  7969 | D:1      | Bought 2 potions of brilliance for 112 gold pieces
  8102 | D:7      | Found a radiant altar of Vehumet.
  8158 | D:7      | Reached skill level 7 in Fighting
  8539 | D:7      | Found a blossoming altar of Fedhas.
  8539 | D:7      | You fall into a shaft and drop 3 floors!
  8539 | D:10     | Entered Level 10 of the Dungeon
  8545 | D:10     | Reached ** piety under Nemelex Xobeh
  8580 | D:10     | Reached XP level 9. HP: 77/81 MP: 16/16
  8637 | D:10     | Reached skill level 8 in Fighting
  8703 | D:10     | Noticed Urug
  8708 | D:10     | Noticed a two-headed ogre
  9094 | D:9      | Noticed a cyclops
  9428 | D:9      | Slain by a shadow

Illustrated notes

Levels and vault maps discovered:
D:1:      dpeg_arrival_short_road, layout_loops_ring, serial_shops, shop,
          chequers_decorated_corner
D:2:      layout_loops_corners, shapermc_ecumenical_altar_petra,
          minmay_misc_feat_secret_circle
D:3:      layout_loops_ring, nemelex_diamond_rough_becter, uniq_ijyb,
          uniq_purgy, uniq_robin
D:4:      layout_basic
D:5:      layout_basic, overflow_temple_1_default,
          minmay_temple_entry_gardened_gates, serial_shops, shop
D:6:      layout_basic, mainiacjoe_overflow_catch_the_wave, uniq_prince_ribbit1
D:7:      cheibrodos_statue_roulette, layout_loops_ring, vehumet_crystals,
          kennysheep_mini_moat, fedhas_ov_isle_minmay, serial_shops,
          nicolae_shop_window_shopping, uniq_menkaure, uniq_maggie, uniq_harold
D:9:      layout_irregular_city, evilmike_ruin_ashenzari, tgw_kikubaaqudgha,
          erik_orc_1
D:10:     layout_cave_pools, grunt_temple_overflow_diamond,
          pdpol_wu_jian_five_deadly_venoms, serial_shops,
          nicolae_shop_behind_doors, nicolae_stop_n_shop_2, serial_gnoll_camp,
          gnoll_camp_mini_basic, gnoll_camp_mini_hut, gnoll_camp_mini_hut,
          gnoll_camp_mini_house, uniq_urug
Temple:   compressed_dpeg_triangle_lava_temple

Skill      XL: |  1  2  3  4  5  6  7  8  9 |
---------------+----------------------------+-----
Fighting       | 1 2 3 4 7 8 |  8.8
Stealth        | 2 6 7 |  7.5
Spellcasting   | 3 4 5 |  5.0
Ice Magic      | 5 4 |  4.7
Invocations    | 3 |  3.8
Short Blades   | |  0.2
Maces & Flails | |  0.1
Dodging        | |  1.7

Action                   |  1- 3 |  4- 6 |  7- 9 || total
-------------------------+-------+-------+-------++-------
Melee: Unarmed           |     5 |     6 |       ||    11
       Tailslap          |     1 |       |    16 ||    17
       Whip              |       |     2 |       ||     2
       Dagger            |       |     7 |   108 ||   115
 Cast: Freeze            |    51 |    56 |    71 ||   178
       Frozen Ramparts   |     1 |     9 |     8 ||    18
       Ozocubu's Armour  |       |     1 |     2 ||     3
Invok: Draw Escape       |       |       |     2 ||     2
 Abil: Breathe Fire      |       |       |    16 ||    16
  Use: Potion            |     2 |       |     2 ||     4
       Scroll            |       |       |     3 ||     3
 Stab: Sleeping          |       |       |     1 ||     1
Armor: Skin              |     7 |    21 |    98 ||   126
Dodge: Dodged            |    21 |    40 |   167 ||   228
